 Dungeon Crawl Stone Soup version 0.30-b1-5-g8e6c1be481 (webtiles) character file.

Game seed: 15698013504165902189

25 RascalDebosk the Magician (level 3, -5/29 HPs)
             Began as a Djinni Warper on May 4, 2023.
             Slain by Sigmund
             ... wielding a +2 scythe of flaming
              (7 damage)
             ... on level 2 of the Dungeon.
             The game lasted 00:09:31 (1415 turns).

RascalDebosk the Magician (Djinni Warper)           Turns: 1415, Time: 00:09:31

Health: -5/29      AC:  3    Str: 10    XL:     3   Next: 17%
Gold:   59         EV: 11    Int: 16    God:
                   SH:  0    Dex: 12

rFire   + + .        a - +0 falchion
rCold   x . .        (no shield)
rNeg    . . .        b - +0 leather armour
rPois   ∞            (no helmet)
rElec   .            (no cloak)
rCorr   .            (no gloves)
SInv    .            (boots unavailable)
Will    .....        (no amulet)
Stlth   +            (no ring)
HPRegen 0.24/turn    (no ring)
MPRegen 0.00/turn

%: infuse magic (-6 HP)
@: flying
A: sickness immunity, fire resistance 2, cold vulnerability 1, float, innate
caster, HP casting, extra vitality 1
a: no special abilities


You were on level 2 of the Dungeon.
You visited 1 branch of the dungeon, and saw 2 of its levels.

You collected 59 gold pieces.

Inventory:

Hand Weapons
 a - a +0 falchion (weapon)
Missiles
 d - 7 boomerangs of dispersal (quivered)
Armour
 b - a +0 leather armour (worn)
Scrolls
 c - a scroll of identify {unknown}
 g - 2 scrolls of blinking
 h - a scroll of amnesia {unknown}
 i - a scroll of brand weapon {unknown}
 k - a scroll of vulnerability {unknown}
Potions
 e - a potion of magic {unknown}
 f - a potion of attraction {unknown}
 j - a potion of curing {unknown}


   Skills:
 * Level 2.4 Fighting
 + Level 2.0 Long Blades
 - Level 0.7 Throwing
 + Level 1.3 Armour
 - Level 2.1 Dodging
 * Level 2.7 Spellcasting


You knew the following spells:

 Your Spells              Type           Power      Damage    Failure   Level
a - Blink                 Tloc           22%        N/A       12%         2
b - Lesser Beckoning      Tloc           22%        N/A       12%         2
c - Vhi's Electric Charg  Tloc/Air       22%        N/A       24%         3
d - Teleport Other        Tloc           11%        N/A       24%         3
e - Manifold Assault      Tloc           11%        N/A       63%         4
f - Beastly Appendage     Tmut           22%        N/A       9%          1
Your spell library was empty.

Dungeon Overview and Level Annotations

Branches:
Dungeon (2/15)

Altars:

Shops:
D:1 [[?

Annotations:
D:2 Sigmund


Innate Abilities, Weirdness & Mutations

You are immune to sickness and miasma.
You are immune to poison.
Your flesh is very heat resistant. (rF++)
You are vulnerable to cold. (rC-)
You float through the air rather than walking.
You learn spells naturally, not from books.
Your magical power is your life essence.
You have superior vitality. (+4 MHP)


Message History

Found 5 stones.
You see here 5 stones.
A hobgoblin comes into view.
Sigmund and a rat come into view.
Sigmund is wielding a +2 scythe of flaming.
Sigmund shouts!
Sigmund points at you and mumbles some strange words.
The puff of flame hits you. You resist.
A goblin comes into view. It is wielding a +0 club.
The rat attacks as you move away! The rat barely misses you.
You closely miss the rat. Your punch misses the rat.
The rat bites you but does no damage.
You closely miss the rat.
The rat bites you but does no damage. x2
You barely miss the rat. The rat bites you.
Sigmund says, "Your kind have come here before.
I understand now why.
You desire death..."
You barely miss the rat. The rat barely misses you.
You hit the rat.
You kill the rat!
Sigmund hits you from afar with a +2 scythe of flaming.
You closely miss the hobgoblin. The hobgoblin hits you.
Sigmund gestures wildly while chanting.
Sigmund flickers and vanishes!
Deactivating autopickup; reactivate with Ctrl-A.
You hit the hobgoblin.
The hobgoblin is heavily wounded.
The hobgoblin barely misses you. Something hits you. Something burns you.
The hobgoblin closely misses you. The hobgoblin attacks as you move away!
The hobgoblin hits you but does no damage.
The hobgoblin attacks as you move away! The hobgoblin hits you.
The hobgoblin attacks as you move away! The hobgoblin misses you.
The hobgoblin attacks as you move away! The hobgoblin barely misses you.
The hobgoblin attacks as you move away! The hobgoblin closely misses you.
There is a stone staircase leading up here.
The hobgoblin hits you but does no damage.
You fly upwards.
Reactivating autopickup.
There is a stone staircase leading down here.
You hit the hobgoblin.
The hobgoblin is almost dead.
The hobgoblin closely misses you.
You hit the hobgoblin.
You kill the hobgoblin!
You start resting.
HP restored.
There is a stone staircase leading down here.
You fly downwards.
Level annotation: Sigmund
There is a stone staircase leading up here.
Casting: Beastly Appendage (safe; 9% risk of failure)
Confirm with . or Enter, or press ? or * to list all spells.
You can't see any susceptible monsters within range! (Use Z to cast anyway.)
Casting: Beastly Appendage (safe; 9% risk of failure)
Confirm with . or Enter, or press ? or * to list all spells.
The spell is quite dangerous to miscast (24% risk of failure)!
Continue anyway?
Charge where?
Press: ? - help, Dir - move target, f - Sigmund
Aim: Sigmund, wielding a +2 scythe of flaming and wearing a +0 robe (74% to hit)
You charge forward with an electric crackle!
You closely miss Sigmund. Sigmund barely misses you.
You closely miss Sigmund. Sigmund closely misses you.
You barely miss Sigmund.
Sigmund points at you and mumbles some strange words.
The puff of flame misses you.
You barely miss Sigmund. Sigmund hits you but does no damage.
Unknown command.
You barely miss Sigmund.
Sigmund hits you with a +2 scythe of flaming!
Sigmund burns you.
You hit Sigmund but do no damage. You hit Sigmund.
Sigmund is moderately wounded.
Sigmund gestures at you while chanting. The magic dart hits you!
* * * LOW HITPOINT WARNING * * *
You closely miss Sigmund.
Sigmund is moderately wounded.
Sigmund hits you with a +2 scythe of flaming.
* * * LOW HITPOINT WARNING * * *
You barely miss Sigmund.
Sigmund is moderately wounded.
Sigmund barely misses you.
You hit Sigmund.
Sigmund is heavily wounded.
Sigmund hits you with a +2 scythe of flaming.
* * * LOW HITPOINT WARNING * * *
You barely miss Sigmund.
Sigmund is heavily wounded.
Sigmund barely misses you.
You hit Sigmund.
Sigmund is heavily wounded.
Unknown command.
You closely miss Sigmund.
Sigmund is heavily wounded.
Sigmund closely misses you.
You closely miss Sigmund.
Sigmund is heavily wounded.
Sigmund hits you with a +2 scythe of flaming!
You die...

############
#......(...#
#..........#
#######...<....(.#
#.......|........#
#......(.....†...#
#.........@......#
#.........@......##
#.........[>......##
#......)...........#
#####...........)#.#
##.##.##.#####.#
##.#..##.# #.#
#....###.### #.#
#."### #...###.####


You could see Sigmund.

Vanquished Creatures
  4 bats
  A giant cockroach (D:1)
  5 goblins (D:1)
  3 hobgoblins
  A quokka (D:1)
  4 ball pythons (D:1)
  A frilled lizard (D:1)
  4 kobolds
  A rat (D:2)
24 creatures vanquished.

Notes
Turn   | Place    | Note
-------+----------+-------------------------------------------
     0 | D:1      | RascalDebosk the Djinni Warper began the quest for the Orb.
     0 | D:1      | RascalDebosk set off with the following spells memorised:
                  | Blink, Lesser Beckoning, Vhi's Electric Charge, Teleport
                  | Other, Manifold Assault.
     0 | D:1      | Reached XP level 1. HP: 18/18 MP: 0/0
    57 | D:1      | Found Haxynup's Magic Scroll Boutique.
   337 | D:1      | Reached XP level 2. HP: 19/23 MP: 0/0
   399 | D:1      | Found Ylles's Armour Shoppe.
   501 | D:1      | Found Errugocu's Distillery.
   839 | D:1      | Found Zeirimuj's Armour Shoppe.
   887 | D:1      | Reached XP level 3. HP: 29/29 MP: 0/0
   887 | D:1      | Learned a level 1 spell: Beastly Appendage
  1334 | D:2      | Noticed Sigmund
  1411 | D:2      | HP: 1/29 [Sigmund/+2 scythe of flaming (6)]
  1415 | D:2      | Slain by Sigmund

Illustrated notes

Levels and vault maps discovered:
D:1:      lemuel_arrival_tunnels, layout_basic, serial_shops, shop,
          nicolae_shop_tiny_statue_garden, shop, shop, grunt_decor_junction
D:2:      layout_rooms, basic_altar, amcnicky_mini_rare_corridor_liquid,
          uniq_natasha, uniq_robin, uniq_sigmund

Skill      XL: |  1  2 |
---------------+-------+-----
Long Blades    | 2 |  2.0
Fighting       | |  2.4
Throwing       | |  0.7
Armour         | |  1.3
Dodging        | |  2.1
Spellcasting   | |  2.7

Action                     || total
---------------------------++-------
  Melee: Falchion          ||   117
         Punch             ||     2
   Cast: Vhi's Electric Ch ||     2
         Beastly Appendage ||     1
 Armour: Leather armour    ||    46
  Dodge: Dodged            ||    75
